AoeStats
← zamithdaniel

Black Forest

507145191Analyzed
2v2 RM · 17d ago on Sep 16, 2026· 51m 4s· 4 players
Game mode
Random Map
Map size
Medium (4 player)
Population
200
Speed
Normal
Resources
Standard
Victory
Conquest
Starting age
Dark Age
Ending age
Imperial Age
RankedLock teamsTeams togetherTeam positionsShared explorationLock speedFull tech treeHidden civsTurbo modeCheats
Victory
Defeat
🇨🇴 Turks · Colombia
925
+12
🇧🇦 Hindustanis · Bosnia & Herzegovina
876
+14
835
-13
🇲🇽 Celts · Mexico
825
-13
Extremeborg
0:36 Loom
12:35 Feudal Age
12:38 Feudal Age
17:32 Castle Age
15:45 Double-Bit Axe
16:07 Horse Collar
16:37 Gold Mining
18:07 Wheelbarrow
21:25 Heavy Plow
22:39 Fervor
23:29 Bow Saw
24:50 Gold Shaft Mining
26:11 Grand Trunk Road
26:18 Caravan
26:58 Hand Cart
26:55 Town Watch
31:00 Imperial Age
30:05 Fletching
30:16 Padded Archer Armor
30:38 Town Patrol
30:56 Bodkin Arrow
32:07 Conscription
31:48 Shatagni
32:07 Leather Archer Armor
33:12 Chemistry
32:38 Bracer
33:32 Ballistics
33:32 Siege Engineers
33:38 Masonry
34:13 Ring Archer Armor
33:55 Scale Barding Armor
34:01 Forging
36:53 Chain Barding Armor
37:08 Iron Casting
38:08 Two-Man Saw
38:50 Plate Barding Armor
39:55 Blast Furnace
39:11 Husbandry
39:21 Bloodlines
38:32 Light Cavalry
40:14 Hussar
45:01 Heavy Camel Rider
47:07 Imperial Camel Rider
zamithdaniel
11:12 Feudal Age
12:23 Horse Collar
12:30 Double-Bit Axe
20:33 Castle Age
23:48 Bow Saw
24:58 Gold Mining
26:40 Gold Shaft Mining
29:41 Imperial Age
28:39 Fortified Wall
28:42 Heavy Plow
29:10 Ballistics
28:47 Stone Mining
31:59 Padded Archer Armor
32:09 Forging
32:05 Scale Barding Armor
32:38 Wheelbarrow
31:49 Town Watch
33:28 Two-Man Saw
33:44 Leather Archer Armor
34:08 Iron Casting
33:48 Bloodlines
34:55 Hand Cart
35:21 Loom
37:32 Ring Archer Armor
38:03 Blast Furnace
37:24 Chain Barding Armor
37:59 Conscription
37:41 Artillery
37:57 Elite Janissary
38:54 Fletching
40:46 Husbandry
41:29 Plate Barding Armor
srpizzas1
0:42 Loom
14:40 Feudal Age
15:20 Double-Bit Axe
19:11 Castle Age
20:53 Forging
21:15 Bow Saw
33:07 Imperial Age
30:45 Gold Mining
32:09 Fortified Wall
32:59 Scale Mail Armor
34:10 Stone Mining
34:56 Gold Shaft Mining
34:26 Capped Ram
36:26 Siege Ram
42:53 Pikeman
45:41 Horse Collar
jorge.islas.escalante
11:18 Feudal Age
17:56 Castle Age
22:55 Imperial Age
20:21 Horse Collar
20:42 Double-Bit Axe
21:54 Bow Saw
23:09 Loom
24:02 Wheelbarrow
23:52 Stone Mining
25:07 Gold Mining
26:59 Two-Man Saw
27:08 Town Watch
30:35 Hand Cart
31:25 Stone Shaft Mining
31:02 Heavy Plow
32:46 Town Patrol
32:58 Treadmill Crane
33:41 Ballistics
34:22 Chemistry
33:17 Fletching
33:46 Forging
33:36 Scale Mail Armor
33:44 Scale Barding Armor
34:06 Bodkin Arrow
35:49 Murder Holes
36:17 Conscription
36:04 Arquebus
35:26 Elite Organ Gun
37:43 Bloodlines
37:34 Husbandry
38:42 Cavalier
40:13 Iron Casting
39:58 Chain Barding Armor
39:39 Bracer
41:25 Bombard Tower
42:39 Light Cavalry
45:39 Onager
Connection lost

Rejoining the realm…

Still unreachable

The connection could not be restored.

Session expired

The server has moved on; the page needs a fresh start.